 Dungeon Crawl Stone Soup version 0.28-b1-25-g9875b3fc8c (webtiles) character file.

Game seed: 3835150694494118570

6972 crazypyro the Basher (level 10, -17/84 HPs)
             Began as a Minotaur Fighter on Feb 2, 2022.
             Was an Elder of Okawaru.
             Killed from afar by a deep elf knight (36 damage)
             ... with a shard of ice
             ... on level 10 of the Dungeon.
             The game lasted 00:13:55 (12265 turns).

crazypyro the Basher (Minotaur Fighter)            Turns: 12265, Time: 00:13:55

Health: -17/84     AC: 20    Str: 24    XL:     10   Next: 81%
Magic:  9/9        EV:  8    Int:  5    God:    Okawaru [****..]
Gold:   489        SH: 10    Dex: 11    Spells: 9/9 levels left

rFire   . . .      SeeInvis .   I - +5 flail
rCold   + . .      Faith    .   z - +0 kite shield
rNeg    . . .      Spirit   .   f - +0 plate armour
rPois   .          Reflect  .   (helmet restricted)
rElec   .          Harm     .   d - +2 cloak
rCorr   .          Rampage  .   p - +0 pair of gloves
Will    .....                   t - +1 pair of boots
Stlth   ..........              (no amulet)
HPRegen 0.24/turn               b - ring of protection from cold
MPRegen 0.11/turn               (no ring)

@: about to teleport
A: horns 2, retaliatory headbutt
a: Renounce Religion, Heroism, Finesse


You were on level 10 of the Dungeon.
You worshipped Okawaru.
Okawaru was greatly pleased with you.
You visited 2 branches of the dungeon, and saw 11 of its levels.

You collected 534 gold pieces.
You spent 45 gold pieces at shops.

Inventory:

Hand Weapons
 a - a +0 flail
 j - a +3 mace of protection
 C - a +2 flail
 I - a +5 flail (weapon)
Missiles
 y - 2 throwing nets (quivered)
Armour
 c - a +0 buckler
 d - a +2 cloak (worn)
 f - a +0 plate armour (worn)
 p - a +0 pair of gloves (worn)
 t - a +1 pair of boots (worn)
 z - a +0 kite shield (worn)
Jewellery
 b - a ring of protection from cold (left hand)
Wands
 i - a wand of flame (8)
 w - a wand of digging (5)
 D - a wand of polymorph (15)
 E - a wand of iceblast (5)
Scrolls
 o - a scroll of teleportation
 q - a scroll of identify
 s - 2 scrolls of amnesia
 u - a scroll of fog
 v - a scroll of holy word
 B - a scroll of magic mapping
 F - a scroll of fear
 G - a scroll of enchant armour
Potions
 e - 3 potions of attraction
 g - 2 potions of cancellation
 h - 3 potions of curing
 k - a potion of heal wounds
 l - 2 potions of lignification {unknown}
 m - a potion of haste {unknown}
 n - 2 potions of brilliance {unknown}
 r - a potion of berserk rage {unknown}


   Skills:
 + Level 6.9 Fighting
 * Level 13.8 Maces & Flails
 + Level 8.4 Armour
 - Level 7.0 Dodging
 + Level 8.3 Shields


You had 9 spell levels left.
You didn't know any spells.
Your spell library contained the following spells:

 Spells                   Type           Power      Damage    Failure   Level
 Apportation              Tloc           0%         N/A       100%        1
 Dazzling Flash           Conj/Hex       0%         N/A       100%        3
 Frozen Ramparts          Ice            0%         1d2       100%        3
 Anguish                  Hex/Necr       0%         N/A       100%        4
 Ice Form                 Ice/Tmut       0%         N/A       100%        4
 Iskenderun's Mystic Bla  Conj/Tloc      0%         2d3       100%        4
 Starburst                Conj/Fire      0%         6d3       100%        6
 Enfeeble                 Hex            0%         N/A       100%        7
 Animate Skeleton         Necr           Unusable   N/A       N/A         1
 Summon Small Mammal      Summ           Unusable   N/A       N/A         1
 Call Canine Familiar     Summ           Unusable   N/A       N/A         3
 Summon Guardian Golem    Hex/Summ       Unusable   N/A       N/A         3
 Tukima's Dance           Hex            Unusable   N/A       N/A         3
 Summon Ice Beast         Ice/Summ       Unusable   N/A       N/A         4

Dungeon Overview and Level Annotations

Branches:
Dungeon (10/15)            Temple (1/1) D:6             Orc (0/2) D:10
   Lair: D:8-11

Altars:
Cheibriados
Dithmenos
Elyvilon
Fedhas
Hepliaklqana
Kikubaaqudgha
Makhleb
Nemelex Xobeh
Okawaru
Qazlal
Ru
Sif Muna
Trog
Uskayaw
Wu Jian
Xom
Yredelemnul
Zin
The Shining One

Shops:
D:3 =   D:5 *   D:8 ?


Innate Abilities, Weirdness & Mutations

You have a pair of horns on your head.
You reflexively headbutt those who attack you in melee.


Message History

You hit the boulder beetle. You headbutt the boulder beetle.
The boulder beetle is heavily wounded.
The boulder beetle bites you but does no damage.
You hit the boulder beetle but do no damage.
The boulder beetle is heavily wounded.
The boulder beetle leaps!
You completely miss the slime creature.
A deep elf knight comes into view. It is wielding a +0 short sword.
The slime creature hits you.
You hit the slime creature.
The slime creature is lightly wounded.
You sock the slime creature!
The slime creature is heavily wounded.
The slime creature hits you.
Unknown command.
You thump the slime creature! You headbutt the slime creature.
The slime creature is severely wounded.
A slime creature comes into view.
The slime creature hits you but does no damage.
You thump the slime creature! You headbutt the slime creature!
You kill the slime creature!
Okawaru accepts your kill.
A cyclops comes into view.
Found a scroll of identify and 6 boomerangs of dispersal.
The cyclops shouts!
The deep elf knight casts a spell.
The deep elf knight seems to speed up.
You block the cyclops's attack. The deep elf knight blocks your attack.
The deep elf knight hits you with a +0 short sword!
You block the cyclops's attack.
The deep elf knight points at you and mumbles some strange words.
The lance of force hits you!!
You are knocked back by the lance of force.
You slam into the stone wall!
* * * LOW HITPOINT WARNING * * *
As you read the scroll of teleportation, it crumbles to dust.
You feel strangely unstable.
The deep elf knight points at you and mumbles some strange words.
The shard of ice hits you!!! You partially resist.
You die...

..............#..#
..............#..#
.............##..#
.........[.>.#...#
...............#..
...........########
...(.#..... ♣♣.♣♣
###.. #♣.≈.♣# #.
#.≈≈≈@# #♣.≈.♣#
♣♣.♣♣ ♣e#C♣ #[J ≈?#
#.≈ ≈... #$≈ ≈(#♣♣
#♣. .♣# # ♣♣ ♣♣


You could see a slime creature and a deep elf knight (fast).

Vanquished Creatures
  A centaur warrior (D:8)
  A two-headed ogre (D:10)
  A troll (D:10)
  Grinder (D:4)
  A slime creature (D:10)
  Sigmund (D:4)
  4 yaks (D:10)
  A steam dragon (D:6)
  2 acid dragons
  A water moccasin (D:8)
  2 ice beasts (D:6)
  An orc warrior (D:6)
  A sky beast (D:6)
  2 black bears (D:7)
  2 ogres (D:4)
  4 centaurs
  Blork the orc (D:5)
  A kobold brigand (D:7)
  3 gnoll sergeants
  2 bullfrogs
  2 scorpions
  17 killer bees
  8 wights
  3 electric eels (D:8)
  3 hounds
  2 centaur zombies
  A jelly (D:5)
  8 orc priests
  2 iguanas (D:5)
  Crazy Yiuf (D:2)
  11 orc wizards
  A killer bee zombie (D:6)
  2 hound skeletons
  A howler monkey skeleton (D:3)
  19 gnolls
  6 adders
  A shadow imp (D:6)
  A white imp (D:5)
  An ufetubus (D:7)
  2 adder skeletons
  A worm (D:3)
  3 dart slugs
  30 orcs
  13 endoplasms
  15 giant cockroaches
  3 goblins
  7 hobgoblins
  13 jackals
  11 kobolds
  5 quokkas
  3 ball pythons
  4 bats
  5 frilled lizards
  5 rats (D:1)
243 creatures vanquished.

Vanquished Creatures (others)
  A gnoll (D:8)
  A fungus (D:2)
  2 plants (D:8)
4 creatures vanquished.

Grand Total: 247 creatures vanquished

Notes
Turn   | Place    | Note
-------+----------+-------------------------------------------
     0 | D:1      | crazypyro the Minotaur Fighter began the quest for the Orb.
     0 | D:1      | Reached XP level 1. HP: 19/19 MP: 0/0
   192 | D:1      | Reached XP level 2. HP: 21/27 MP: 1/1
   197 | D:1      | Reached skill level 3 in Maces & Flails
   452 | D:1      | Reached XP level 3. HP: 16/33 MP: 2/2
   995 | D:1      | Found a faded altar of an unknown god.
  1254 | D:2      | Reached skill level 4 in Maces & Flails
  1254 | D:2      | Reached skill level 1 in Dodging
  1374 | D:2      | Reached XP level 4. HP: 40/40 MP: 3/3
  1870 | D:2      | Found a runed translucent door.
  1871 | D:2      | Noticed Crazy Yiuf
  1881 | D:2      | Killed Crazy Yiuf
  1882 | D:2      | Reached skill level 5 in Maces & Flails
  1882 | D:2      | Reached XP level 5. HP: 14/46 MP: 4/4
  2329 | D:3      | Found Doakak's Jewellery Shoppe.
  2931 | D:4      | Noticed an ogre
  2957 | D:4      | Killed an ogre
  2958 | D:4      | Reached skill level 6 in Maces & Flails
  2958 | D:4      | Reached XP level 6. HP: 37/52 MP: 5/5
  3383 | D:4      | Found a large runed translucent door.
  3434 | D:4      | Found a large runed translucent door.
  3725 | D:4      | Reached skill level 7 in Maces & Flails
  4191 | D:4      | Noticed Sigmund
  4201 | D:4      | Killed Sigmund
  4202 | D:4      | Reached XP level 7. HP: 54/59 MP: 6/6
  4503 | D:4      | Noticed Grinder
  4510 | D:4      | Paralysed by Grinder for 7 turns
  4521 | D:4      | Killed Grinder
  4522 | D:4      | Reached skill level 8 in Maces & Flails
  4669 | D:4      | Found a blossoming altar of Fedhas.
  4672 | D:4      | Found a glowing silver altar of Zin.
  4700 | D:5      | Entered Level 5 of the Dungeon
  4882 | D:5      | Reached skill level 5 in Dodging
  4893 | D:5      | Reached skill level 9 in Maces & Flails
  4976 | D:5      | Noticed Blork the orc
  4984 | D:5      | Reached XP level 8. HP: 66/66 MP: 7/7
  4988 | D:5      | Killed Blork the orc
  5388 | D:5      | Found Huvar's Fire Supplies.
  5505 | D:5      | Found a stormy altar of Qazlal.
  5869 | D:6      | Reached skill level 10 in Maces & Flails
  6030 | D:6      | Reached skill level 5 in Armour
  6039 | D:6      | Reached skill level 5 in Shields
  6294 | D:6      | Reached XP level 9. HP: 67/71 MP: 8/8
  6338 | D:6      | Found a staircase to the Ecumenical Temple.
  6344 | Temple   | Entered the Ecumenical Temple
  6566 | Temple   | Became a worshipper of Warmaster Okawaru
  6728 | D:6      | Reached skill level 11 in Maces & Flails
  7553 | D:7      | Reached * piety under Okawaru
  7845 | D:7      | Reached skill level 12 in Maces & Flails
  8483 | D:8      | Noticed a centaur warrior
  8499 | D:8      | Killed a centaur warrior
  8499 | D:8      | Reached ** piety under Okawaru
  8500 | D:8      | Reached skill level 5 in Fighting
  8500 | D:8      | Reached XP level 10. HP: 30/81 MP: 9/9
  9161 | D:8      | Found Miymy's Magic Scroll Shop.
  9170 | D:8      | Bought a scroll of magic mapping for 45 gold pieces
 11375 | D:9      | Reached skill level 13 in Maces & Flails
 11633 | D:10     | Entered Level 10 of the Dungeon
 11633 | D:10     | Found a staircase to the Orcish Mines.
 11722 | D:10     | Reached *** piety under Okawaru
 11799 | D:10     | Noticed a two-headed ogre
 11813 | D:10     | Killed a two-headed ogre
 12057 | D:10     | Reached **** piety under Okawaru
 12248 | D:10     | Noticed a boulder beetle
 12258 | D:10     | Noticed a deep elf knight
 12263 | D:10     | Noticed a cyclops
 12265 | D:10     | Killed from afar by a deep elf knight

Illustrated notes

Levels and vault maps discovered:
D:1:      denvon_arrival_waterhouse, layout_basic,
          shapermc_ecumenical_altar_notcrosses
D:2:      minmay_roachtagon, layout_rooms, uniq_crazy_yiuf_cottage
D:3:      layout_basic, serial_shops, nicolae_square_shop
D:4:      layout_loops_corners, jmf_multi_god_temple2,
          hangedman_abyss_or_decor_stabs, uniq_grinder, uniq_sigmund
D:5:      layout_loops_ring, nicolae_qazlal_eye_of_the_storm,
          nicolae_zen_rock_garden, nicolae_shop_fire_sale
          [nicolae_sub_dead_trees], uniq_blork_the_orc
D:6:      layout_basic, minmay_temple_entry_fiery
D:7:      layout_basic
D:8:      layout_layer_cave, serial_shops, nicolae_shop_trees,
          minmay_crystal_water, chequers_big_river, minmay_holes
D:9:      layout_long_grid
D:10:     nzn_winding_woodlands_stair_cross
          [nzn_winding_woodlands_5x15_river_crossing,
          nzn_winding_woodlands_center_triple_pond,
          nzn_winding_woodlands_5x15_pathside_ponds,
          nzn_winding_woodlands_5x5_cross, nzn_winding_woodlands_5x5_default,
          nzn_winding_woodlands_5x15_jagged,
          nzn_winding_woodlands_center_diamonds,
          nzn_winding_woodlands_5x15_split_checker], layout_rooms,
          nicolae_vehumet_altar_sigil, gammafunk_temple_overflow_pools
Temple:   eino_temple_rhombus

Skill      XL: |  1  2  3  4  5  6  7  8  9 10 |
---------------+-------------------------------+-----
Maces & Flails | 3 4 5 6 7 9 10 12 13 | 13.8
Armour         | 4 5 7 8 |  8.4
Shields        | 4 5 6 8 |  8.3
Fighting       | 4 5 6 |  6.9
Dodging        | 1 2 3 4 5 6 7 |  7.0

Action                   |  1- 3 |  4- 6 |  7- 9 | 10-12 || total
-------------------------+-------+-------+-------+-------++-------
Melee: Flail             |   132 |    49 |       |    90 ||   271
       Headbutt          |    11 |    26 |    69 |    39 ||   145
       Mace              |       |    96 |   353 |   118 ||   567
  Use: Scroll            |       |     3 |     6 |     6 ||    15
       Potion            |       |     1 |       |     1 ||     2
Armor: Plate armour      |   107 |   101 |   258 |   104 ||   570
       Scale mail        |    13 |       |       |       ||    13
Dodge: Dodged            |    53 |    44 |   124 |    59 ||   280
Block: Buckler           |    51 |    32 |    87 |     8 ||   178
       Kite shield       |       |       |       |    72 ||    72
